 Dungeon Crawl Stone Soup version 0.17-a0-2014-g32cd421 (webtiles) character file.

1043 Ijustatesigmund the Sneak (level 8, -1/51 HPs)
             Began as an Octopode Transmuter on Oct 9, 2015.
             Slain by a centaur (8 damage)
             ... on level 5 of the Dungeon.
             The game lasted 00:25:33 (6371 turns).

Ijustatesigmund the Sneak (Octopode Transmuter)     Turns: 6371, Time: 00:25:33

Health: -1/51      AC:  1    Str:  9    XL:     8   Next: 25%
Magic:  20/20      EV: 12    Int: 17    God:
Gold:   242        SH:  0    Dex: 13    Spells: 4 memorised, 0 levels left

rFire  . . .     SeeInvis .     t - +1 short sword
rCold  . . .     Clarity  .     (no shield)
rNeg   . . .     SustAt   .     (helmet restricted)
rPois  .         Gourm    .     (no amulet)
rElec  .         Spirit   .     h - ring of magical power
rCorr  .         Warding  .     (no ring)
rMut   .         Stasis   .     (no ring)
MR     .....                    (no ring)
Stlth  +++++.....               (no ring)
                                (no ring)
                                (no ring)
                                (no ring)

@: hasted, very quick, not resistant to hostile enchantments, quite stealthy
A: almost no armour, amphibious, 8 rings, constrict 8, camouflage 1, gelatinous
body 1
a: no special abilities


You were on level 5 of the Dungeon.
You were not hungry.

You visited 2 branches of the dungeon, and saw 6 of its levels.

You collected 242 gold pieces.

Inventory:

Hand Weapons
 t - a +1 short sword (weapon)
Missiles
 u - 5 silver tomahawks (quivered)
Jewellery
 h - a ring of magical power (left tentacle)
Wands
 a - a wand of fire (12)
 j - a wand of slowing (33)
Scrolls
 d - 2 scrolls of identify
 f - 4 scrolls of teleportation
 m - 2 scrolls of random uselessness
 n - a scroll of magic mapping
 s - a scroll of blinking
Potions
 i - 2 potions of mutation
 l - a potion of haste
 p - a potion of cure mutation
 r - a potion of brilliance {unknown}
Books
 b - a book of Changes

   Spells                             Type                      Level
   a - Beastly Appendage              Transmutation                1
   b - Sticks to Snakes               Transmutation                2
   c - Spider Form                    Transmutation/Poison         3
   d - Ice Form                       Ice/Transmutation            4
   e - Blade Hands                    Transmutation                5
Comestibles
 c - 2 bread rations
 q - 3 meat rations


   Skills:
 - Level 2.3 Fighting
 - Level 3.1 Short Blades
 - Level 2.0 Dodging
 - Level 6.2 Stealth
 - Level 3.0 Unarmed Combat
 - Level 2.0 Spellcasting
 + Level 5.6 Transmutations
 - Level 5.4 Poison Magic


You couldn't memorise any spells.
You knew the following spells:

 Your Spells              Type           Power        Failure   Level  Hunger
a - Beastly Appendage     Trmt           ###...       1%          1    #......
b - Sticks to Snakes      Trmt           ###.......   2%          2    ###....
c - Spider Form           Trmt/Pois      ###.......   8%          3    ###....
d - Blade Hands           Trmt           ###.......   58%         5    ######.


Dungeon Overview and Level Annotations

Branches:
Dungeon (5/15)             Temple (1/1) D:5

Altars:
Ashenzari
Cheibriados
Dithmenos
Elyvilon
Fedhas
Gozag
Kikubaaqudgha
Okawaru
Qazlal
Ru
Sif Muna
Trog
Vehumet
Xom
Yredelemnul
Zin
The Shining One


Innate Abilities, Weirdness & Mutations

You cannot wear most types of armour.
You are amphibious.
You can wear up to eight rings at the same time.
You can use your tentacles to constrict eight enemies at once.
Your skin changes colour to match your surroundings (Stealth).
Your rubbery body absorbs attacks (AC +1).


Message History

You see here an arrow.
You barely miss the centaur.
You squeeze the centaur, but do no damage.
The centaur unwields an uncursed shortbow.
The centaur hits you.
You hit the centaur but do no damage. The centaur completely misses you.
The centaur closely misses you.
You barely miss the centaur. The centaur closely misses you.
You completely miss the centaur. The centaur hits you. The centaur hits you!
You hit the centaur.
The centaur is lightly wounded.
The centaur hits you!
* * * LOW HITPOINT WARNING * * *
You hit the centaur. Your squeeze misses the centaur.
The centaur is moderately wounded.
The centaur closely misses you. The centaur misses you.
A worker ant comes into view.
Drink which item? (? for menu, Esc to quit)
It was a potion of haste.
You feel yourself speed up. The centaur hits you!
You die...

.#.#.####.##.####.#.#.# #.#####(#
.#........##.#..)a#.#.# #.......#
+####.######.#.#..#.#.###########
...##.# #.#.#..#.#.oo......P♣.
...##.# #.#....#.#.......P≈≈.≈
...#########.###.##.#.#####o.♣.≈.
...'.........# #.##.#.# #P≈≈≈≈≈
...########### #c##.#.# #Po≈♣≈≈
...# #@##...# #..≈≈≈≈ ...#
#(###### #..≈≈♣≈ ...### #.#
##..... .....# #(# ##.##. ...#.#
#.###########).#.. .....#
#..............#.. .###.#
#....####'###..#.. ≈≈≈#.#
#...#8..#...8#.#.. .#≈#.#
#...#....#...#....


You could see a centaur and a worker ant (wandering).

Vanquished Creatures
  Prince Ribbit (D:5)
  A phantom (D:5)
  4 ogres
  A scorpion (D:4)
  A giant frog zombie (D:5)
  2 crimson imps (D:4)
  2 giant frog skeletons (D:5)
  A jelly (D:5)
  An orc wizard (D:5)
  A hound skeleton (D:4)
  5 adders
  A shadow imp (D:5)
  An ooze (D:5)
  A worm (D:5)
  A giant gecko (D:1)
  5 orcs
  3 giant cockroaches
  13 hobgoblins
  8 jackals
  3 quokkas
  3 ball pythons
  6 bats
  2 giant newts
  7 goblins
  9 kobolds
  A quokka skeleton (D:4)
  8 rats
92 creatures vanquished.

Vanquished Creatures (collateral kills)
  The ghost of Ijustatesigmund the Sneak, an amateur OpTm (D:3)
  A centaur skeleton (D:4)
  An orc wizard (D:4)
  A worm (D:2)
  An orc (D:4)
  A bat (D:2)
  2 hobgoblins
  3 jackals (D:3)
  A kobold (D:2)
  A giant cockroach (D:4)
  A quokka (D:2)
  A rat (D:2)
15 creatures vanquished.

Grand Total: 107 creatures vanquished

Notes
Turn   | Place    | Note
--------------------------------------------------------------
     0 | D:1      | Ijustatesigmund the Octopode Transmuter began the quest for the Orb.
     0 | D:1      | Reached XP level 1. HP: 13/13 MP: 3/3
   328 | D:1      | Reached XP level 2. HP: 18/18 MP: 5/5
   341 | D:1      | Learned a level 2 spell: Sticks to Snakes
   959 | D:2      | Reached skill level 1 in Stealth
   979 | D:2      | Reached XP level 3. HP: 17/23 MP: 3/6
   984 | D:2      | Learned a level 3 spell: Spider Form
  1072 | D:2      | Found a snail-covered altar of Cheibriados.
  1072 | D:2      | Found a basalt altar of Yredelemnul.
  1074 | D:2      | Found a glowing silver altar of Zin.
  1211 | D:2      | Found a shadowy altar of Dithmenos.
  1844 | D:2      | Reached skill level 1 in Poison Magic
  2078 | D:3      | Reached XP level 4. HP: 25/28 MP: 7/7
  2081 | D:3      | Found a faded altar to an unknown god.
  2445 | D:3      | Noticed Ijustatesigmund's ghost (amateur OpTm)
  2472 | D:3      | Killed Ijustatesigmund's ghost
  2509 | D:3      | Reached XP level 5. HP: 18/33 MP: 8/8
  3342 | D:4      | Found a shimmering altar of Xom.
  3358 | D:4      | Reached skill level 4 in Stealth
  3386 | D:4      | Noticed an ogre
  3400 | D:4      | Killed an ogre
  3400 | D:4      | Reached skill level 1 in Short Blades
  3400 | D:4      | Reached XP level 6. HP: 24/38 MP: 6/9
  3824 | D:4      | Noticed an ogre
  3832 | D:4      | Killed an ogre
  4270 | D:5      | Entered Level 5 of the Dungeon
  4535 | D:4      | Reached skill level 5 in Stealth
  4585 | D:4      | Reached XP level 7. HP: 13/43 MP: 10/10
  4941 | D:5      | Found a staircase to the Ecumenical Temple.
  4953 | Temple   | Entered the Ecumenical Temple
  5298 | D:5      | Noticed Prince Ribbit
  5326 | D:5      | Killed Prince Ribbit
  5326 | D:5      | Reached skill level 6 in Stealth
  5326 | D:5      | Reached skill level 5 in Transmutations
  5719 | D:5      | Reached skill level 5 in Poison Magic
  5719 | D:5      | Reached XP level 8. HP: 13/48 MP: 11/11
  6327 | D:5      | Learned a level 5 spell: Blade Hands
  6371 | D:5      | Slain by a centaur

Vault maps used:
D:1:      sevenhm_arrival_forest_fort_large_4
D:2:      nicolae_overflow_quartered_altars, serial_forest,
          infiniplex_forest_lined_1, infiniplex_forest_lined_room_2,
          infiniplex_forest_straight_2, infiniplex_forest_clump_double,
          infiniplex_forest_straight_3, infiniplex_forest_lined_corner,
          infiniplex_forest_straight_2, infiniplex_forest_zigzag_1,
          infiniplex_forest_straight_3
D:3:      ecumenical_altar_1, minmay_close_crescents
D:4:      lemuel_crystal_altar, grunt_ministairs_14, roderic_lattice_a
D:5:      minmay_temple_entry_water_ring, first_bread, minivault_1,
          serial_bayou_pond_b, uniq_prince_ribbit1
Temple:   nicolae_temple_x_marks_the_god

Action                   |  1- 3 |  4- 6 |  7- 9 || total
-------------------------+-------+-------+-------++-------
Melee: Unarmed           |    99 |    64 |    32 ||   195
       Dagger            |       |    49 |    33 ||    82
       Short sword       |       |       |     8 ||     8
Throw: Tomahawk          |       |       |    17 ||    17
 Cast: Sticks to Snakes  |    13 |    28 |     3 ||    44
       Beastly Appendage |     3 |       |       ||     3
       Spider Form       |       |     4 |     6 ||    10
  Use: Scroll            |     4 |     3 |     4 ||    11
       Potion            |     1 |     3 |     2 ||     6
 Stab: Sleeping          |     9 |    11 |     4 ||    24
       Distracted        |       |     1 |     2 ||     3
  Eat: Pizza             |     1 |       |       ||     1
       Chunk             |     3 |     5 |     2 ||    10
       Beef jerky        |       |     2 |     1 ||     3
       Royal jelly       |       |     2 |     1 ||     3
